 Dungeon Crawl Stone Soup version 0.30-a0-219-gf2db51d15e (webtiles) character file.

Game seed: 14476937829639430176

195638 freelancePsychic the Acrobat (level 18, -16/157 HPs)
             Began as a Merfolk Hunter on Oct 7, 2022.
             Was an Initiate of Gozag.
             Blown up by an orb spider (71 damage)
             ... with an orb of destruction
             ... on level 4 of the Spider Nest.
             The game lasted 01:11:29 (39843 turns).

freelancePsychic the Acrobat (Merfolk Hunter)      Turns: 39843, Time: 01:11:30

Health: -16/157    AC: 15    Str: 16 (17) XL:     18   Next: 34%
Magic:  19/19      EV: 29    Int:  8      God:    Gozag
Gold:   5477       SH:  0    Dex: 25 (26) Spells: 17/17 levels left

rFire   . . .      SeeInvis .    a - +9 lajatang (speed)
rCold   . . .      Faith    .    (shield currently unavailable)
rNeg    . . .      Spirit   .    p - +1 ring mail "Puikus Xegi" {Drain rElec Will+ Str+4}
rPois   +          Reflect  .    (helmet restricted)
rElec   +          Harm     .    (no cloak)
rCorr   .          Rampage  .    m - +2 pair of gloves
Will    +++..                    j - +0 pair of boots of Experimentation {Dex+2 Stlth+}
Stlth   +++.......               e - amulet of regeneration
HPRegen 1.26/turn                r - +4 ring of protection
MPRegen 0.16/turn                u - ring of poison resistance

@: lethally poisoned (-16 -> -16), gold aura
A: (nimble swimmer 2), mertail, horns 1, strong-willed 1, noise suppression
}: 1/15 runes: barnacled
a: Renounce Religion, Potion Petition, Call Merchant, Bribe Branch


You were on level 4 of the Spider Nest.
You worshipped Gozag.
Gozag was greatly pleased with you.
You visited 5 branches of the dungeon, and saw 30 of its levels.

You collected 10692 gold pieces.
You spent 1709 gold pieces at shops.
You paid 3506 gold pieces to Gozag.

Inventory:

Hand Weapons
 a - a +9 lajatang of speed (weapon)
 b - a +8 bardiche of venom
Missiles
 g - 30 boomerangs (quivered)
 h - 17 silver javelins
 i - 4 silver boomerangs
 s - 7 curare-tipped darts
 z - 8 javelins
 F - 4 throwing nets
 M - 2 boomerangs of dispersal
Armour
 j - the +0 pair of boots of Experimentation (worn) {Dex+2 Stlth+}
   (You bought it in a shop on level 6 of the Dungeon)

   Dex:       It affects your dexterity (+2).
   Stlth:     It makes you more stealthy.
 m - a +2 pair of gloves (worn)
 p - the +1 ring mail "Puikus Xegi" (worn) {Drain rElec Will+ Str+4}
   (You bought it in a shop on level 6 of the Dungeon)

   Str:       It affects your strength (+4).
   rElec:     It insulates you from electricity.
   Drain:     It drains your maximum health when unequipped.
   Will:      It increases your willpower.
 H - a +0 helmet
 Q - a +2 helmet of see invisible
Jewellery
 e - an amulet of regeneration (around neck)
 f - a ring of protection from cold
 r - a +4 ring of protection (left hand)
 u - a ring of poison resistance (right hand)
 x - an amulet of magic regeneration
 A - a ring of ice
 D - a ring of fire
 S - a +4 ring of evasion
 T - a +4 ring of slaying
 U - a ring of resist corrosion
 X - an amulet of guardian spirit
Wands
 l - a wand of flame (12)
 t - a wand of iceblast (37)
 y - a wand of polymorph (11)
 J - a wand of digging (12)
 K - a wand of charming (20)
 V - a wand of quicksilver (1)
Scrolls
 d - 5 scrolls of vulnerability
 k - 3 scrolls of poison
 n - 3 scrolls of immolation
 v - 7 scrolls of magic mapping
 E - 4 scrolls of teleportation {@r4}
 G - 2 scrolls of silence
 P - a scroll of enchant armour
 R - 14 scrolls of identify {@r1}
Potions
 c - 2 potions of magic
 o - a potion of invisibility
 q - a potion of resistance
 w - 9 potions of brilliance
 B - 3 potions of ambrosia
 C - 6 potions of flight
 I - 3 potions of berserk rage
 L - 3 potions of curing {@q1}
 N - 4 potions of lignification
 O - 4 potions of might
 W - a potion of heal wounds {@q2}


   Skills:
 + Level 18.0 Fighting
 - Level 21.1(23.1) Polearms
 - Level 10.8(14.0) Staves
 - Level 3.2 Ranged Weapons
 * Level 6.2 Throwing
 + Level 3.2 Armour
 - Level 22.4 Dodging
 - Level 3.8 Stealth
 - Level 1.4 Invocations


You had 17 spell levels left.
You didn't know any spells.
Your spell library contained the following spells:

 Spells                   Type           Power      Damage    Failure   Level
 Shock                    Conj/Air       0%         1d3       63%         1
 Sting                    Tmut/Pois      0%         1d3       63%         1
 Summon Small Mammal      Summ           0%         N/A       63%         1
 Blink                    Tloc           0%         N/A       77%         2
 Cigotuvi's Dreadful Rot  Necr/Pois/Air  0%         N/A       77%         2
 Ensorcelled Hibernation  Hex/Ice        0%         N/A       77%         2
 Momentum Strike          Conj/Tloc      0%         3d8       77%         2
 Poisonous Vapours        Pois/Air       0%         N/A       77%         2
 Call Canine Familiar     Summ           0%         N/A       94%         3
 Gell's Gravitas          Tloc           0%         N/A       94%         3
 Inner Flame              Hex/Fire       0%         N/A       94%         3
 Lesser Beckoning         Tloc           0%         N/A       94%         3
 Spider Form              Tmut/Pois      0%         N/A       94%         3
 Summon Guardian Golem    Hex/Summ       0%         N/A       94%         3
 Swiftness                Air            0%         N/A       94%         3
 Teleport Other           Tloc           0%         N/A       94%         3
 Airstrike                Air            0%         2d(0-16)  100%        4
 Anguish                  Hex/Necr       0%         N/A       100%        4
 Animate Armour           Summ/Erth      0%         N/A       100%        4
 Dispel Undead            Necr           0%         3d6       100%        4
 Flame Wave               Conj/Fire      0%         2d4       100%        4
 Olgreb's Toxic Radiance  Pois           0%         N/A       100%        4
 Petrify                  Tmut/Erth      0%         N/A       100%        4
 Sticky Flame             Conj/Fire      0%         2d3       100%        4
 Summon Ice Beast         Ice/Summ       0%         N/A       100%        4
 Summon Lightning Spire   Summ/Air       0%         N/A       100%        4
 Alistair's Intoxication  Tmut/Pois      0%         N/A       100%        5
 Blade Hands              Tmut           0%         N/A       100%        5
 Borgnjor's Vile Clutch   Necr/Erth      0%         N/A       100%        5
 Lightning Bolt           Conj/Air       0%         1d11      100%        5
 Metabolic Englaciation   Hex/Ice        0%         N/A       100%        5
 Summon Mana Viper        Hex/Summ       0%         N/A       100%        5
 Conjure Ball Lightning   Conj/Air       0%         3x3d6     100%        6
 Death Channel            Necr           0%         N/A       100%        6
 Eringya's Noxious Bog    Tmut/Pois      0%         N/A       100%        6
 Iron Shot                Conj/Erth      0%         9d1       100%        6
 Statue Form              Tmut/Erth      0%         N/A       100%        6
 Monstrous Menagerie      Summ           0%         N/A       100%        7
 Storm Form               Tmut/Air       0%         N/A       100%        7
 Borgnjor's Revivificati  Necr           0%         N/A       100%        8
 Discord                  Hex            0%         N/A       100%        8
 Disjunction              Tloc           0%         N/A       100%        8
 Maxwell's Capacitive Co  Air            0%         ∞         100%        8
 Necromutation            Tmut/Necr      0%         N/A       100%        8
 Death's Door             Necr           0%         N/A       100%        9


Dungeon Overview and Level Annotations

Branches:
Dungeon (15/15)            Temple (0/1) D:5            Lair (5/5) D:9
 Shoals (4/4) Lair:3       Spider (4/4) Lair:2          Orc (2/2) D:9
    Elf (0/3) Orc:2        Vaults (0/5) D:13         Depths (0/4) D:15
  Slime: Lair:4-5

Altars:
Ashenzari
Cheibriados
Dithmenos
Elyvilon
Gozag
Kikubaaqudgha
Nemelex Xobeh
Ru
Vehumet
Xom
Zin
Jiyva

Shops:
D:5 *   D:6 [*   D:9 !   D:15 (   Orc:2 *[==[   Lair:1 =   Lair:2 (   Lair:4 (
Shoals:2 :

Annotations:
D:3 3 runed translucent doors, Terence; sleeves's ghost, amateur DsFi; valliere's ghost, amateur DsGl
D:4 Eustachio
D:5 Edmund
D:11 3 runed translucent doors, exclusion: oklob plant, themarg's ghost, journeyman TrBe
D:15 Rupert
Lair:1 1 runed translucent door, Amyuvoew's ghost, novice MiFi
Lair:2 2 transporters, Qyacsuop's ghost, journeyman DsAK


Innate Abilities, Weirdness & Mutations

((You are very nimble when in or above water. (Stealth+, EV+, Speed+++)))
Your lower body shifts to a powerful aquatic tail in water.
You have a pair of small horns on your head.
You are strong-willed. (Will+)
You passively dampen the noise of your surroundings.


Message History

Press: ? - help, Q - select action, (/) - cycle Shift-Dir - straight line, f - orb spider
Aim: an orb spider (74% to hit)
You throw a boomerang. The boomerang hits the orb spider!
The orb spider is moderately wounded.
You feel sick.
Throw: 30 boomerangs
Press: ? - help, Q - select action, (/) - cycle Shift-Dir - straight line, f/p - orb spider
Aim: an orb spider (moderately wounded, 74% to hit)
You throw a boomerang. The boomerang hits the orb spider.
The orb spider is moderately wounded.
You feel sick.
Throw: 30 boomerangs
Press: ? - help, Q - select action, (/) - cycle Shift-Dir - straight line, f/p - orb spider
Aim: an orb spider (moderately wounded, 74% to hit)
You throw a boomerang.
The boomerang completely misses the orb spider.
You feel sick.
The orb spider spins a strand of pure energy.
Throw: 30 boomerangs
Press: ? - help, Q - select action, (/) - cycle Shift-Dir - straight line, f/p - orb spider
Aim: an orb spider (moderately wounded, fully charged, 74% to hit)
You throw a boomerang. The boomerang hits the orb spider.
The orb spider is moderately wounded.
You feel sick.
Aiming: Quicksilver Bolt
Press: ? - help, Shift-Dir - straight line, f/p - orb spider
Aim: an orb spider (moderately wounded, fully charged, 71% to hit)
The bolt of dispelling energy hits the orb spider!
The orb spider is severely wounded.
You feel sick.
The orb spider weaves a glowing orb of energy.
An orb of destruction comes into view.
Aiming: Quicksilver Bolt
Press: ? - help, Shift-Dir - straight line, f/p - orb spider
Aim: an orb spider (severely wounded, 71% to hit)
The bolt of dispelling energy misses the orb spider.
You hear the crackling of a melting archway nearby.
You feel sick.
You feel sick. The orb of destruction hits you!!!
You die...

,**,,,+....###.......*,**^*^,,,,*
,~~,,,+......#.....,,***,,,,**,,,
,,,^,,+......#^.#######,,,,,,,,,,
,,,~**#...#...(......^#,,,,,,,*,,
,,~** #^..#.#..s.^...#*,,,,*^,,**
,~** #...###..○.....#.,,,,,**∩**
*** ##..#^.^$☼.......,,,,,**,,^
~** #..##.^.○##..#.,,,,,,,,*,,
,~*** #.^#...#.@#*.#,,*,,^,*,,,,
,,~~** ##.#$#.#...#*#,,*^*,,,****
*,,,^** **#####...#,*,,********,,
*~,,,~* *,,,,,....^.****,,,*,,*,,
**,~,~* *,,,,........,,,,,,,,,,,,
**,,~* **,,#....##...,,,*,,,,,*,
**~,~** *,,,#.#..#,.#.,,,*,*,,^**
~~,,,* *,,,###..#*.#..,,****,,,,
,,,~** *,,**,,,,,***,,*,,^,**,,^


You could see an orb spider.

Vanquished Creatures
  Jorgrun (Shoals:1)
  Gastronok (Lair:1)
  Polyphemus (Shoals:2)
  Kirke (Shoals:4)
  Agnes (D:14)
  Ilsuiw (Shoals:2)
  Donald (Shoals:4)
  2 emperor scorpions
  2 ghost moths (Spider:2)
  A broodmother (Spider:3)
  The ghost of Pesafeac the Covert, a journeyman OpCj of Vehumet (D:14)
  A spark wasp (Spider:3)
  6 merfolk javelineers (Shoals:4)
  Harold (D:9)
  A hydra (Lair:2)
  7 merfolk impalers
  A vault guard (D:13)
  6 entropy weavers
  An ogre mage (Orc:1)
  A rakshasa (D:15)
  A catoblepas (Shoals:2)
  A merfolk avatar (Shoals:4)
  3 alligator snapping turtles (Shoals:4)
  5 merfolk aquamancers (Shoals:2)
  5 two-headed ogres
  Erica (D:10)
  6 centaur warriors
  2 radroaches
  6 boulder beetles
  3 satyrs
  A tengu warrior (D:14)
  9 death yaks
  8 orc high priests (Orc:2)
  8 skeletal warriors (D:15)
  Nergalle (Lair:2)
  3 pharaoh ants
  A sun moth (Spider:1)
  6 steelbarb worms
  4 sea snakes
  9 orb spiders
  3 wizards (D:15)
  6 orc knights
  A kraken simulacrum (Shoals:4)
  A necromancer (D:15)
  2 deep elf pyromancers
  7 harpies (Shoals:4)
  10 wolf spiders
  25 ugly things
  14 manticores
  6 cyclopes
  3 fauns (Shoals:2)
  3 orc sorcerers
  3 black mambas
  7 moths of wrath
  11 merfolk sirens
  3 water nymphs
  9 cane toads
  5 elephants
  2 torpor snails
  3 gargoyles
  2 efreet
  3 komodo dragons
  Psyche (D:9)
  A rime drake (Lair:4)
  4 demonic crawlers
  A tengu conjurer (D:14)
  24 merfolk
  A redback zombie (D:15)
  A polar bear (Lair:2)
  6 trolls
  3 meliai (Spider:3)
  A wind drake (shapeshifter) (D:15)
  3 hornets (Spider:1)
  11 slime creatures
  10 wind drakes
  2 meliai zombies (D:15)
  8 dream sheep
  28 tarantellas
  5 blink frogs (Lair:2)
  4 snapping turtles
  23 jumping spiders
  18 flying skulls (D:15)
  16 culicivoras
  56 yaks
  3 shadows
  2 wyverns
  2 vampires
  2 wraiths
  3 hogs (Shoals:4)
  4 water elementals
  Grum (D:11)
  16 vampire mosquitoes
  2 basilisks
  10 humans (D:13)
  4 steam dragons
  39 redbacks
  15 wargs
  8 water moccasins
  2 acid dragons
  A sky beast (D:8)
  5 black bears
  24 orc warriors
  3 ice beasts
  11 wolves
  13 ogres
  13 centaurs
  A phantom (D:7)
  Blork the orc (D:6)
  16 bullfrogs
  6 kobold brigands
  3 necrophages
  2 gnoll sergeants (D:6)
  4 scorpions
  7 wights
  13 killer bees
  3 electric eels
  16 howler monkeys
  7 hounds
  9 jellies
  48 orc priests
  3 gnoll boudas (D:6)
  An iguana (D:4)
  23 orc wizards
  8 adders
  14 gnolls
  A shadow imp (D:6)
  2 ufetubi
  A worm (D:3)
  7 dart slugs
  87 orcs
  21 endoplasms
  4 giant cockroaches
  7 goblins
  5 hobgoblins
  5 jackals
  8 quokkas
  8 ball pythons
  8 bats
  6 frilled lizards
  17 kobolds
  12 rats
1044 creatures vanquished.

Vanquished Creatures (collateral kills)
  A white imp (D:6)
1 creature vanquished.

Vanquished Creatures (others)
  A jumping spider (Spider:1)
  2 humans
  25 fungi
  48 plants
  12 tentacles (Shoals:4)
88 creatures vanquished.

Grand Total: 1133 creatures vanquished

Notes
Turn   | Place    | Note
-------+----------+-------------------------------------------
     0 | D:1      | freelancePsychic the Merfolk Hunter began the quest for the
                  | Orb.
     0 | D:1      | Reached XP level 1. HP: 16/16 MP: 1/1
   123 | D:1      | Reached skill level 3 in Dodging
   123 | D:1      | Reached XP level 2. HP: 9/23 MP: 2/2
   602 | D:1      | Reached XP level 3. HP: 21/28 MP: 3/3
  1078 | D:2      | Reached skill level 4 in Dodging
  1178 | D:2      | Reached XP level 4. HP: 34/34 MP: 4/4
  1223 | D:2      | Found a faded altar of an unknown god.
  1467 | D:2      | HP: 1/34 [kobold/+0 dagger (3)]
  1470 | D:2      | Gained mutation: Your muscles are strong. (Str +4, Int/Dex
                  | -1) [potion of mutation]
  1470 | D:2      | Gained mutation: Your body sometimes deteriorates upon
                  | taking damage. [potion of mutation]
  1470 | D:2      | Gained mutation: You sometimes lose your temper in combat.
                  | [potion of mutation]
  1472 | D:2      | HP: 1/34 [kobold/+0 dagger (1)]
  1909 | D:3      | Noticed Terence
  2023 | D:3      | Reached XP level 5. HP: 37/39 MP: 5/5
  2158 | D:3      | Reached skill level 5 in Dodging
  2218 | D:3      | Found a radiant altar of Vehumet.
  2426 | D:3      | Found a runed translucent gate.
  2426 | D:3      | Found a runed translucent gate.
  2455 | D:3      | Found a runed translucent gate.
  2456 | D:3      | Noticed sleeves's ghost (amateur DsFi)
  2457 | D:3      | Noticed valliere's ghost (amateur DsGl)
  2707 | D:4      | Found a white marble altar of Elyvilon.
  2739 | D:4      | Became a worshipper of Elyvilon the Healer
  2822 | D:4      | Reached skill level 1 in Polearms
  2822 | D:4      | Reached XP level 6. HP: 25/47 MP: 6/6
  2951 | D:4      | Reached skill level 1 in Invocations
  3292 | D:4      | Reached * piety under Elyvilon
  3386 | D:4      | Noticed Eustachio
  3818 | D:4      | Found an ancient bone altar of Kikubaaqudgha.
  3820 | D:4      | Found an opulent altar of Gozag.
  3821 | D:4      | Found a shadowy altar of Dithmenos.
  3832 | D:4      | Fell from the grace of Elyvilon
  3832 | D:4      | Became a worshipper of Gozag Ym Sagoz the Greedy
  4093 | D:5      | Entered Level 5 of the Dungeon
  4366 | D:5      | Reached XP level 7. HP: 54/54 MP: 8/8
  4611 | D:5      | Found a staircase to the Ecumenical Temple.
  4704 | D:5      | Found Kaarhim's Overcharged Wands.
  4789 | D:5      | Reached skill level 5 in Polearms
  5095 | D:5      | Noticed Edmund
  5447 | D:6      | Noticed Blork the orc
  5463 | D:6      | Reached skill level 5 in Fighting
  5497 | D:6      | Killed Blork the orc
  5696 | D:6      | Reached XP level 8. HP: 35/62 MP: 9/9
  6163 | D:6      | Found Zezuhar's General Store.
  6600 | D:6      | Reached skill level 10 in Polearms
  6600 | D:6      | Reached XP level 9. HP: 71/71 MP: 10/10
  6658 | D:6      | Reached skill level 6 in Dodging
  6874 | D:6      | Noticed a two-headed ogre
  6882 | D:6      | Reached skill level 7 in Dodging
  6919 | D:6      | Killed a two-headed ogre
  6931 | D:6      | Reached skill level 8 in Dodging
  7268 | D:6      | Reached XP level 10. HP: 55/77 MP: 11/11
  8079 | D:6      | Reached skill level 9 in Dodging
  8324 | D:6      | Found a glowing silver altar of Zin.
  9242 | D:6      | Bought a pair of masterwork boots for 275 gold pieces
  9242 | D:6      | Identified the +0 pair of boots of Experimentation {Dex+2
                  | Stlth+} (You bought it in a shop on level 6 of the Dungeon)
  9324 | D:8      | Reached skill level 15 in Polearms
  9324 | D:8      | Reached skill level 10 in Dodging
  9898 | D:8      | Reached XP level 11. HP: 79/83 MP: 12/12
 10105 | D:6      | Bought a scorched ring mail for 261 gold pieces
 10105 | D:6      | Identified the +1 ring mail "Puikus Xegi" {Drain rElec
                  | Will+ Str+4} (You bought it in a shop on level 6 of the
                  | Dungeon)
 10430 | D:9      | Reached skill level 11 in Dodging
 10497 | D:9      | Found a staircase to the Orcish Mines.
 10516 | D:9      | Found a staircase to the Lair.
 10840 | D:9      | Noticed Psyche
 10844 | D:9      | Killed Psyche
 10845 | D:9      | Reached skill level 12 in Dodging
 10923 | D:9      | Noticed Harold
 10966 | D:9      | Killed Harold
 10967 | D:9      | Reached skill level 13 in Dodging
 11298 | D:9      | Found Rainoff's Distillery.
 11465 | D:10     | Entered Level 10 of the Dungeon
 11540 | D:10     | Noticed a two-headed ogre
 11554 | D:10     | Killed a two-headed ogre
 11717 | D:10     | Noticed Erica
 11729 | D:10     | Killed Erica
 11957 | D:10     | Found a sacrificial altar of Ru.
 12268 | D:10     | Found a snail-covered altar of Cheibriados.
 12268 | D:10     | Found a shimmering altar of Xom.
 12416 | D:10     | Found a sparkling altar of Nemelex Xobeh.
 12579 | D:11     | Noticed a cyclops
 12581 | D:11     | Noticed Sonja
 12589 | D:11     | Sonja changed into Sonja the ice beast
 12589 | D:11     | Noticed Sonja
 12599 | D:11     | Killed Sonja the ice beast
 12624 | D:11     | Killed a cyclops
 12758 | D:11     | Noticed Grum
 12770 | D:11     | Noticed a boulder beetle
 12772 | D:11     | Killed Grum
 12928 | D:10     | Killed a boulder beetle
 12929 | D:10     | Reached XP level 12. HP: 94/94 MP: 13/13
 13618 | D:11     | Found a runed translucent gate.
 13618 | D:11     | Found a runed translucent gate.
 13618 | D:11     | Noticed themarg's ghost (journeyman TrBe)
 13619 | D:11     | Found a runed translucent gate.
 13622 | D:11     | Found a viscous altar of Jiyva.
 14012 | D:12     | You fall into a shaft and drop 2 floors!
 14050 | D:13     | Noticed a centaur warrior
 14412 | D:12     | Noticed a boulder beetle
 14435 | D:12     | Killed a boulder beetle
 15215 | Lair:1   | Entered Level 1 of the Lair of Beasts
 15221 | Lair:1   | Reached skill level 10 in Fighting
 15303 | D:6      | Bought a glowing helmet for 217 gold pieces
 15380 | Lair:1   | Noticed Gastronok
 15396 | Lair:1   | Killed Gastronok
 15572 | Lair:1   | Reached XP level 13. HP: 95/106 MP: 14/14
 16175 | Lair:1   | Found a runed translucent door.
 16175 | Lair:1   | Found a shimmering altar of Xom.
 16175 | Lair:1   | Noticed Amyuvoew's ghost (novice MiFi)
 16745 | Lair:2   | Noticed Nergalle
 16749 | Lair:2   | Killed Nergalle
 16750 | Lair:2   | Reached skill level 14 in Dodging
 17176 | Lair:2   | Noticed Qyacsuop's ghost (journeyman DsAK)
 17186 | Lair:2   | Found a transporter.
 17229 | Lair:2   | Found a transporter.
 17729 | Lair:2   | Reached skill level 15 in Dodging
 17981 | Lair:2   | Found a hole to the Spider Nest.
 17985 | Lair:2   | Found a broken altar of Ashenzari.
 18552 | Lair:3   | Found a staircase to the Shoals.
 19612 | Lair:4   | Reached XP level 14. HP: 102/119 MP: 15/15
 20206 | Lair:4   | Reached skill level 16 in Dodging
 21178 | Lair:5   | Entered Level 5 of the Lair of Beasts
 21179 | Lair:5   | Lost mutation: Your muscles are strong. (Str +4, Int/Dex
                  | -1) [potion of mutation]
 21179 | Lair:5   | Lost mutation: You sometimes lose your temper in combat.
                  | [potion of mutation]
 21179 | Lair:5   | Lost mutation: Your body sometimes deteriorates upon taking
                  | damage. [potion of mutation]
 21179 | Lair:5   | Gained mutation: You passively dampen the noise of your
                  | surroundings. [potion of mutation]
 21179 | Lair:5   | Gained mutation: You have a pair of small horns on your
                  | head. [potion of mutation]
 21179 | Lair:5   | Gained mutation: You are strong-willed. (Will+) [potion of
                  | mutation]
 21589 | Orc:1    | Entered Level 1 of the Orcish Mines
 21843 | Orc:1    | Reached skill level 17 in Dodging
 22459 | Orc:2    | Entered Level 2 of the Orcish Mines
 22464 | Orc:2    | Found a staircase to the Elven Halls.
 22720 | Orc:2    | Reached skill level 15 in Fighting
 22873 | Orc:2    | Found Obaxt's Armour Shop.
 22873 | Orc:2    | Found Ymagad's Assorted Antiques.
 23009 | Orc:2    | Reached skill level 18 in Dodging
 23926 | Orc:2    | Found Xuicek Xyit's Jewellery Shoppe.
 23997 | Orc:2    | Found Iroac's Antique Armour Shop.
 23997 | Orc:2    | Found Wiappios's Jewellery Emporium.
 24073 | Orc:2    | Bought a slimy ring mail for 261 gold pieces
 24073 | Orc:2    | Identified the +1 ring mail "Plog" {Fly rC++ Dex+4 Slay-4}
                  | (You bought it in a shop on level 2 of the Orcish Mines)
 24076 | Orc:2    | Bought a fine chain mail for 275 gold pieces
 24076 | Orc:2    | Identified the +3 chain mail "Gual" {rPois rC+ Regen+
                  | Str-4} (You bought it in a shop on level 2 of the Orcish
                  | Mines)
 24975 | D:13     | Reached XP level 15. HP: 49/130 MP: 16/16
 25488 | D:13     | Found a gate to the Vaults.
 26122 | D:14     | Noticed Agnes
 26134 | D:14     | Killed Agnes
 26135 | D:14     | Reached skill level 1 in Staves
 26848 | D:14     | Reached skill level 19 in Dodging
 26977 | D:14     | Found a runed translucent door.
 26979 | D:14     | Noticed Pesafeac's ghost (journeyman OpCj)
 27624 | D:14     | Killed Pesafeac's ghost
 27674 | D:15     | Entered Level 15 of the Dungeon
 27698 | D:15     | Found Rapemoth's Weapon Shoppe.
 28055 | D:15     | Found the +3 giant club "Skullcrusher" {speed, Str+7}
 28058 | D:15     | Reached skill level 5 in Staves
 28126 | D:15     | Found a staircase to the Depths.
 28177 | D:15     | Noticed Rupert
 28499 | D:15     | Reached XP level 16. HP: 78/138 MP: 17/17
 29338 | Spider:1 | Entered Level 1 of the Spider Nest
 29854 | Spider:1 | HP: 6/138 [jumping spider (2)]
 31135 | Spider:1 | Identified the +0 robe of Broken Taboos {Dex+5}
 31136 | Spider:1 | Identified the +5 broad axe "Zoha" {flame, rCorr}
 31419 | Spider:2 | Reached skill level 10 in Staves
 31533 | Lair:1   | Bought an amulet of regeneration for 420 gold pieces
 31750 | Shoals:1 | Entered Level 1 of the Shoals
 32215 | Shoals:1 | Noticed Jorgrun
 32238 | Shoals:1 | Killed Jorgrun
 32784 | Shoals:2 | Noticed Polyphemus
 32816 | Shoals:2 | Killed Polyphemus
 32817 | Shoals:2 | Reached skill level 20 in Dodging
 32993 | Shoals:2 | Reached XP level 17. HP: 130/145 MP: 18/18
 33106 | Shoals:2 | Noticed Ilsuiw
 33139 | Shoals:2 | Killed Ilsuiw
 33554 | Shoals:2 | Found Jylaokam's Book Emporium.
 33657 | Shoals:3 | Found the +10 Black Knight's barding {ponderous, rPois rN+}
 34264 | Shoals:3 | Reached skill level 21 in Dodging
 34381 | Shoals:4 | Entered Level 4 of the Shoals
 34605 | Shoals:4 | Noticed Kirke
 34632 | Shoals:4 | Killed Kirke
 34973 | Shoals:4 | Got the Papyrus of the Nimbus
 35000 | Shoals:4 | Noticed Donald
 35115 | Shoals:4 | Got a barnacled rune of Zot
 35254 | Shoals:4 | Noticed a kraken
 35257 | Shoals:4 | Reached skill level 22 in Dodging
 35579 | Shoals:4 | Killed Donald
 37457 | Spider:2 | Reached skill level 1 in Throwing
 37577 | Spider:2 | Reached skill level 1 in Armour
 38198 | Spider:2 | Reached XP level 18. HP: 156/156 MP: 19/19
 38654 | Spider:3 | Identified the +1 ring mail of the Sun {rPois Int+3}
 38862 | Spider:3 | Reached skill level 5 in Throwing
 39606 | Spider:4 | Entered Level 4 of the Spider Nest
 39843 | Spider:4 | Blown up by an orb spider

Illustrated notes

Levels and vault maps discovered:
D:1:      moated_graveyard_arrival, layout_basic, minmay_rat_gold_closets
D:2:      layout_basic, basic_ecumenical_altar, serial_curves, eino_curves_04,
          eino_curves_04, minmay_vboxes
D:3:      cheibrodos_old_hovel, layout_basic, vehumet_altar_wand_db,
          gammafunk_ghost_cemetery, uniq_terence
D:4:      layout_layer_cave, minitemple, elyvilon_altar_5,
          kennysheep_generic_room_14, uniq_eustachio
D:5:      layout_loops_ring, temple_green, nicolae_shop_overcharged_wands,
          uniq_edmund
D:6:      lemuel_castle_with_subvaults [lemuel_castle_interior_carwin_2],
          layout_basic, overflow_temple_1_default, serial_shops,
          nicolae_shop_crystal, kennysheep_generic_room_2, uniq_blork_the_orc
D:7:      layout_basic
D:8:      layout_loops_ring, minmay_circle_x
D:9:      layout_basic, grunt_lair_entry_orc_guard_hut, orc_0_dummy,
          serial_shops, nicolae_shop_statue_plus, grunt_decor_mini_mirrors,
          minmay_fractal_squares_diagonal_5, uniq_harold, uniq_psyche
D:10:     layout_basic, mainiacjoe_overflow_alcove_4,
          mainiacjoe_overflow_boulevard, gammafunk_temple_overflow_elements,
          uniq_erica
D:11:     lemuel_slime, layout_rooms, gammafunk_ghost_ooze, uniq_sonja,
          uniq_grum
D:12:     layout_rooms
D:13:     layout_rooms, ximxim_vaults_locker_room, kennysheep_opposing_triangles
D:14:     layout_roguey, hellmonk_ghost_happy_afterlife,
          kennysheep_generic_room_5, uniq_agnes
D:15:     grunt_enter_depths_magical_seal, layout_irregular_city,
          serial_park_tiny_pond, serial_shops,
          nicolae_shop_bloodbath_and_beyond, minmay_guarded_unrand_skullcrusher,
          uniq_rupert
Lair:1:   layout_gridlike, ebering_ghost_xom, lemuel_fruit_tree,
          lemuel_fruit_fields, uniq_gastronok
Lair:2:   layout_hall_layers, spider_nest_entry_web_field,
          gammafunk_ghost_arena, basic_altar, uniq_nergalle
Lair:3:   layout_cellular_growth, minmay_shoals_entry_centaurs,
          grunt_megastairs_5
Lair:4:   layout_cave_pods
Lair:5:   grunt_lair_end_beastmaster, layout_gridlike, slime_entry_1,
          basic_altar, st_stairs_4
Shoals:1: layout_shoals, nicolae_shoals_land_atoll, uniq_jorgrun
Shoals:2: layout_shoals, serial_shops, shop, nicolae_shoals_aquamancer_cove,
          uniq_ilsuiw, uniq_polyphemus
Shoals:3: layout_shoals, nicolae_shoals_cliffside_cave, abandoned_shop
Shoals:4: shoals_end_grunt_ice, layout_shoals, uniq_kirke, uniq_donald
Spider:1: layout_spider_delve, hangedman_spider_trapstep
Spider:2: layout_spider_delve
Spider:3: layout_cave_pods
Spider:4: spider_rune_water, portal_ice_cave_entry_pillars_three
Orc:1:    layout_diamond_mine
Orc:2:    st_orc_town, layout_caves, serial_shops, shop, minmay_orc_temple_c

Skill      XL: |  1  2  3  4  5  6  7  8  9 10 11 12 13 14 15 16 17 18 |
---------------+-------------------------------------------------------+-----
Dodging        | 3 4 5 8 10 13 15 18 19 20 22 | 22.4
Stealth        | 2 3 |  3.8
Fighting       | 3 4 5 6 8 11 13 15 16 17 18 | 18.0
Polearms       | 1 4 7 10 13 15 17 20 21 | 21.1
Invocations    | 1 |  1.4
Staves         | 6 10 | 10.8
Throwing       | 3 6 |  6.2
Armour         | 1 3 |  3.2
Ranged Weapons | |  3.2

Action                   |  1- 3 |  4- 6 |  7- 9 | 10-12 | 13-15 | 16-18 || total
-------------------------+-------+-------+-------+-------+-------+-------++-------
Melee: Unarmed           |       |     5 |       |    14 |       |       ||    19
       Trident           |       |    81 |   331 |   374 |    73 |       ||   859
       Punch             |       |     4 |     4 |     8 |     1 |       ||    17
       Tailslap          |       |       |    11 |     7 |     2 |   104 ||   124
       Halberd           |       |       |       |   208 |       |       ||   208
       Glaive            |       |       |       |   267 |   836 |       ||  1103
       Headbutt          |       |       |       |       |   249 |   397 ||   646
       Bardiche          |       |       |       |       |   267 |       ||   267
       Lajatang          |       |       |       |       |   308 |  1381 ||  1689
 Fire: Shortbow          |   114 |   179 |       |       |       |       ||   293
Throw: Dart              |       |       |       |     3 |    12 |     6 ||    21
       Boomerang         |       |       |       |       |       |    54 ||    54
Invok: Call Merchant     |       |       |       |     2 |     2 |       ||     4
Evoke: Wand              |       |     3 |    22 |     4 |     2 |    14 ||    45
  Use: Scroll            |     1 |     2 |     7 |    11 |    26 |    10 ||    57
       Potion            |       |     8 |     1 |     8 |     4 |     7 ||    28
 Stab: Sleeping          |       |     1 |     1 |    13 |    24 |    25 ||    64
       Distracted        |       |       |     5 |    10 |    21 |     8 ||    44
       Confused          |       |       |       |     3 |       |       ||     3
       Invisible         |       |       |       |    11 |    14 |       ||    25
Armor: Leather armour    |    12 |    35 |       |       |       |       ||    47
       Ring mail         |       |    20 |    48 |   128 |   204 |   155 ||   555
Dodge: Dodged            |    35 |   223 |   155 |   489 |  1067 |  1188 ||  3157

Table legend: (Time is in decaauts)
 A = Elapsed time spent in this place.
 B = Non-inter-level travel time spent in this place.
 C = Inter-level travel time spent in this place.
 D = Time resting spent in this place.
 E = Time spent auto-exploring this place.
 F = Levels seen in this place.
 G = Mean time per level.
                   A        B        C        D        E       F      G
               +--------+--------+--------+--------+--------+-----+--------+
         Total |  38300 |  35554 |   2746 |   2791 |  26020 |  30 | 1276.7 |
       Dungeon |  20886 |  19290 |   1596 |   1648 |  14208 |  15 | 1392.4 |
          Lair |   6562 |   6082 |    480 |    873 |   4345 |   5 | 1312.4 |
        Shoals |   3844 |   3569 |    275 |    195 |   2509 |   4 |  961.0 |
   Spider Nest |   4280 |   4137 |    143 |     74 |   3095 |   4 | 1070.0 |
  Orcish Mines |   2725 |   2476 |    249 |      0 |   1861 |   2 | 1362.5 |
               +--------+--------+--------+--------+--------+-----+--------+

Top non-repeatable levels by time:
     D:6: 2949 daAuts
   Orc:2: 1973 daAuts
Spider:1: 1954 daAuts
    D:14: 1927 daAuts
  Lair:3: 1771 daAuts
    D:10: 1721 daAuts
     D:4: 1685 daAuts
  Lair:1: 1682 daAuts
    D:13: 1660 daAuts
  Lair:2: 1573 daAuts
    D:15: 1437 daAuts
  Lair:4: 1407 daAuts
Shoals:4: 1324 daAuts
     D:9: 1320 daAuts
     D:5: 1311 daAuts
